 Dungeon Crawl Stone Soup version 0.21.1-1-g345015f (webtiles) character file.

17553 inmateoo the Arsonist (level 12, -1/70 HPs)
             Began as a Deep Elf Fire Elementalist on Feb 19, 2018.
             Was an Elder of Vehumet.
             Shot with an arrow by a centaur warrior (2 damage)
             ... on level 11 of the Dungeon.
             The game lasted 00:26:28 (15704 turns).

inmateoo the Arsonist (Deep Elf Fire Elementalist) Turns: 15704, Time: 00:26:29

Health: -1/70      AC: 17    Str:  5    XL:     12   Next: 19%
Magic:  4/27       EV: 15    Int: 26    God:    Vehumet [****..]
Gold:   665        SH:  0    Dex: 15    Spells: 5/30 levels left

rFire    . . .     SeeInvis .   u - +4 falchion (flame)
rCold    . . .     Gourm    .   (no shield)
rNeg     . . .     Faith    .   F - +0 steam dragon scales
rPois    .         Spirit   .   B - +0 helmet
rElec    .         Reflect  .   (no cloak)
rCorr    .         Harm     .   m - +1 pair of gloves
MR       +....                  j - +0 pair of boots
Stlth    +++.......             (no amulet)
HPRegen  0.21/turn              z - +4 ring of protection
MPRegen  0.20/turn              E - +4 ring of protection

@: lethally poisoned (-1 -> -3)
A: no striking features
a: Renounce Religion


You were on level 11 of the Dungeon.
You worshipped Vehumet.
Vehumet was greatly pleased with you.
You were not hungry.

You visited 2 branches of the dungeon, and saw 12 of its levels.

You collected 713 gold pieces.
You spent 48 gold pieces at shops.

Inventory:

Hand Weapons
 r - a +0 spear of venom
 u - a +4 falchion of flaming (weapon)
Armour
 j - a +0 pair of boots (worn)
 m - a +1 pair of gloves (worn)
 v - a +0 buckler
 B - a +0 helmet (worn)
 F - +0 steam dragon scales (worn)
Jewellery
 f - an uncursed ring of poison resistance
 z - a +4 ring of protection (left hand)
 E - a +4 ring of protection (right hand)
Wands
 a - a wand of flame (32)
 t - a wand of digging (7)
 G - a wand of polymorph (14)
Scrolls
 i - 3 scrolls of identify
 o - 2 scrolls of remove curse
 p - 2 scrolls of magic mapping
 w - 4 scrolls of teleportation
 A - a scroll of enchant armour
Potions
 d - a potion of heal wounds
 e - 2 potions of ambrosia
 g - 4 potions of agility
 h - a potion of lignification
 l - 3 potions of curing
 q - 2 potions of mutation
 s - 3 potions of flight
 D - a potion of magic
Books
 b - a book of Flames

   Spells                             Type                      Level
   a - Flame Tongue                   Conjuration/Fire             1
   b - Throw Flame                    Conjuration/Fire             2
   c - Conjure Flame                  Conjuration/Fire             3
   d - Inner Flame                    Hexes/Fire                   3
   e - Sticky Flame                   Conjuration/Fire             4
   f - Fireball                       Conjuration/Fire             5
 k - a book of the Tempests

   Spells                             Type                      Level
   a - Static Discharge               Conjuration/Air              3
   b - Lightning Bolt                 Conjuration/Air              5
   c - Ignition                       Fire                         8
   d - Tornado                        Air                          9
   e - Shatter                        Earth                        9
 n - a book of Misfortune

   Spells                             Type                      Level
   a - Confusing Touch                Hexes                        1
   b - Confuse                        Hexes                        3
   c - Gell's Gravitas                Translocation                3
   d - Petrify                        Transmutation/Earth          4
   e - Metabolic Englaciation         Hexes/Ice                    5
   f - Yara's Violent Unravelling     Hexes/Transmutation          5
 x - a book of Power

   Spells                             Type                      Level
   a - Iskenderun's Battlesphere      Conjuration/Charms           5
   b - Venom Bolt                     Conjuration/Poison           5
   c - Bolt of Magma                  Conjuration/Fire/Earth       5
   d - Iron Shot                      Conjuration/Earth            6
   e - Orb of Destruction             Conjuration                  7
   f - Spellforged Servitor           Conjuration/Summoning        7
 y - a book of Maledictions

   Spells                             Type                      Level
   a - Corona                         Hexes                        1
   b - Ensorcelled Hibernation        Hexes/Ice                    2
   c - Confuse                        Hexes                        3
   d - Tukima's Dance                 Hexes                        3
   e - Dazzling Spray                 Conjuration/Hexes            3
Comestibles
 c - 10 rations


   Skills:
 + Level 6.0 Fighting
 * Level 2.8 Long Blades
 - Level 5.0 Dodging
 - Level 4.0 Stealth
 + Level 3.0 Shields
 + Level 9.8 Spellcasting
 - Level 6.0 Conjurations
 * Level 3.1 Summonings
 * Level 14.9 Fire Magic
 - Level 5.0 Earth Magic


You had 5 spell levels left.
You knew the following spells:

 Your Spells              Type           Power        Failure   Level  Hunger
a - Flame Tongue          Conj/Fire      #####        1%          1    None
c - Conjure Flame         Conj/Fire      ######..     1%          3    None
d - Sticky Flame          Conj/Fire      ######..     1%          4    None
e - Fireball              Conj/Fire      ######....   1%          5    ####...
f - Bolt of Magma         Conj/Fire/Erth ######....   1%          5    ####...
g - Spellforged Servitor  Conj/Summ      #####.....   80%         7    #######


Dungeon Overview and Level Annotations

Branches:
Dungeon (11/15)            Temple (1/1) D:5            Lair (0/6) D:11
    Orc (0/2) D:9

Altars:
Ashenzari
Cheibriados
Dithmenos
Elyvilon
Fedhas
Gozag
Hepliaklqana
Kikubaaqudgha
Makhleb
Nemelex Xobeh
Okawaru
Qazlal
Ru
Sif Muna
Trog
Uskayaw
Vehumet
Wu Jian
Xom
Yredelemnul
Zin
The Shining One

Shops:
D:5 (   D:6 ?

Annotations:
D:3 Mesmaeker13's ghost, amateur DgWn
D:6 inmateoo's ghost, novice DEFE
D:11 3 runed doors


Message History

The centaur warrior wields a runed shortbow.
It is covered in frost.
The centaur warrior shoots an arrow.
The arrow hits you!
* * * LOW HITPOINT WARNING * * *
The arrow freezes you.
* * * LOW HITPOINT WARNING * * *
Unknown command.
You feel much better.
The centaur warrior shoots an arrow.
The arrow hits you! The arrow freezes you.
* * * LOW HITPOINT WARNING * * *
Unknown command.
Unknown command.
You feel sick.
The centaur warrior shoots an arrow.
The arrow hits you!
* * * LOW HITPOINT WARNING * * *
The arrow freezes you.
* * * LOW HITPOINT WARNING * * *
The centaur warrior shoots an arrow.
The arrow hits you.
* * * LOW HITPOINT WARNING * * *
The arrow freezes you.
You die...

##...###
##FaQp####..####..#.....
..#..#
...+anKu##..##..####...##.
.....#
####SK{5####..##..###..##.
.....#
#####+##..##..##........
.....#
#####.####..##..###.....
##...# #
#.#..##..###...#### ###.#
#. #.##..###....## #.#
#c####..###......# #.#
#o§)(@###........# ##.#
#.#####.....##...### #.(#
#. ... ##..#......### #..#
# ....#.............
###..# #
.......>...#####..
.....####.. .........###
##< ........... .........#
#. ........##.
......#...## ##.
.........# ..... ##...##
#.5


You could see a centaur warrior and an orc warrior.

Vanquished Creatures
  An ogre mage (D:11)
  A catoblepas (D:10)
  2 two-headed ogres
  The ghost of eeldvark the Nimble, a novice GnMo of Wu Jian (D:8)
  2 unseen horrors
  3 ugly things (D:11)
  A wolf spider (D:11)
  A manticore (D:11)
  A centaur zombie (D:10)
  Psyche (D:8)
  A centaur skeleton (D:11)
  2 gargoyles (D:11)
  3 trolls
  A hornet (D:11)
  Sigmund (D:3)
  A wraith (D:10)
  The ghost of tidbits the Insei, an amateur GnMo of Cheibriados (D:4)
  12 yaks
  A hungry ghost (D:8)
  A steam dragon (D:9)
  A soldier ant (D:10)
  An acid dragon (D:11)
  2 porcupines
  An ice beast (D:8)
  8 orc warriors
  2 sky beasts (D:11)
  3 black bears
  2 phantoms
  4 centaurs
  6 ogres
  A crocodile (D:11)
  5 bullfrogs
  A wyvern zombie (D:11)
  3 scorpions
  20 killer bees
  8 wights
  3 howler monkeys
  An electric eel (D:6)
  6 crimson imps
  A quasit (D:11)
  3 bullfrog skeletons
  6 hounds
  A bullfrog zombie (D:7)
  10 orc priests
  A jelly (D:7)
  12 orc wizards
  4 iguanas
  13 worker ants
  7 hound skeletons
  A worker ant zombie (D:5)
  11 gnolls
  A howler monkey skeleton (D:7)
  10 adders
  2 shadow imps
  An ooze (D:1)
  2 worms
  A dart slug (D:2)
  8 leopard geckos
  30 orcs
  5 giant cockroaches
  6 hobgoblins
  9 jackals
  2 quokkas
  4 ball pythons
  9 bats
  5 frilled lizards
  10 goblins
  A jackal zombie (D:5)
  5 kobolds
  A leopard gecko skeleton (D:9)
  A leopard gecko zombie (D:6)
  7 rats
  2 fungi (D:11)
  A plant (D:11)
309 creatures vanquished.

Vanquished Creatures (others)
  33 fungi (D:11)
  6 plants (D:11)
39 creatures vanquished.

Grand Total: 348 creatures vanquished

Notes
Turn   | Place    | Note
-------+----------+-------------------------------------------
     0 | D:1      | inmateoo the Deep Elf Fire Elementalist began the quest for the Orb.
     0 | D:1      | Reached XP level 1. HP: 10/10 MP: 6/6
   523 | D:1      | Reached XP level 2. HP: 11/15 MP: 8/8
   937 | D:2      | Reached XP level 3. HP: 16/20 MP: 5/9
  1122 | D:2      | Reached skill level 4 in Fire Magic
  1170 | D:2      | Found a deep blue altar of Sif Muna.
  1315 | D:2      | Reached skill level 1 in Fighting
  1390 | D:2      | Reached XP level 4. HP: 20/25 MP: 1/11
  1591 | D:2      | Learned a level 2 spell: Throw Flame
  1595 | D:2      | Learned a level 3 spell: Conjure Flame
  1600 | D:2      | Learned a level 4 spell: Sticky Flame
  1769 | D:3      | Noticed Sigmund
  1809 | D:3      | Killed Sigmund
  1809 | D:3      | Reached XP level 5. HP: 8/29 MP: 3/13
  1915 | D:3      | Reached skill level 5 in Fire Magic
  1952 | D:3      | Noticed Mesmaeker13's ghost (amateur DgWn)
  2693 | D:4      | Noticed tidbits's ghost (amateur GnMo)
  2797 | D:4      | Reached XP level 6. HP: 11/35 MP: 6/14
  3381 | D:4      | Killed tidbits's ghost
  3381 | D:4      | Reached skill level 5 in Spellcasting
  3381 | D:4      | Reached skill level 6 in Fire Magic
  3381 | D:4      | Reached XP level 7. HP: 36/40 MP: 3/16
  3655 | D:4      | Reached skill level 7 in Fire Magic
  4089 | D:5      | Entered Level 5 of the Dungeon
  4097 | D:5      | Found Zurizam's Weapon Shop.
  4154 | D:5      | Learned a level 5 spell: Fireball
  4198 | D:5      | Reached skill level 8 in Fire Magic
  4233 | D:5      | Found a staircase to the Ecumenical Temple.
  4344 | D:5      | Reached XP level 8. HP: 22/44 MP: 7/17
  5220 | D:6      | Reached skill level 9 in Fire Magic
  5263 | D:6      | Found Yteah's Magic Scroll Shop.
  5263 | D:6      | Noticed a troll
  5285 | D:6      | Killed a troll
  5376 | D:6      | Noticed inmateoo's ghost (novice DEFE)
  5448 | D:7      | Noticed a two-headed ogre
  5461 | D:7      | Killed a two-headed ogre
  5461 | D:7      | Reached skill level 5 in Conjurations
  5461 | D:7      | Reached skill level 10 in Fire Magic
  5461 | D:7      | Reached XP level 9. HP: 6/48 MP: 7/21
  5929 | D:6      | Bought a scroll of identify for 24 gold pieces
  5929 | D:6      | Bought a scroll of identify for 24 gold pieces
  6309 | D:6      | Found a sparkling altar of Nemelex Xobeh.
  6316 | D:6      | Found an ancient bone altar of Kikubaaqudgha.
  6321 | D:6      | Found a sacrificial altar of Ru.
  6326 | D:6      | Found a blossoming altar of Fedhas.
  6334 | D:6      | Found a hazy altar of Hepliaklqana.
  6341 | D:6      | Found a white marble altar of Elyvilon.
  6346 | D:6      | Found a deep blue altar of Sif Muna.
  6522 | Temple   | Entered the Ecumenical Temple
  6567 | Temple   | Became a worshipper of Vehumet
  6641 | D:7      | Reached skill level 5 in Dodging
  7211 | D:7      | Reached skill level 11 in Fire Magic
  7469 | D:8      | Noticed Psyche
  7476 | D:8      | Killed Psyche
  7479 | D:8      | Reached * piety under Vehumet
  7479 | D:8      | Offered knowledge of Sting by Vehumet.
  8164 | D:8      | Reached XP level 10. HP: 47/53 MP: 15/24
  8165 | D:8      | Reached skill level 12 in Fire Magic
  8399 | D:8      | Found a burning altar of Makhleb.
  8616 | D:8      | Noticed eeldvark's ghost (novice GnMo)
  8639 | D:8      | Killed eeldvark's ghost
  9058 | D:8      | Reached skill level 13 in Fire Magic
  9754 | D:9      | Found a staircase to the Orcish Mines.
  9812 | D:9      | Learned a level 5 spell: Bolt of Magma
  9822 | D:9      | Found an iron altar of Okawaru.
  9935 | D:9      | Reached ** piety under Vehumet
  9938 | D:9      | Offered knowledge of Throw Frost by Vehumet.
 10061 | D:9      | Reached skill level 14 in Fire Magic
 10065 | D:9      | Reached skill level 1 in Earth Magic
 10430 | D:9      | Found an iron altar of Okawaru.
 11265 | D:9      | Offered knowledge of Ignite Poison by Vehumet.
 11807 | D:10     | Entered Level 10 of the Dungeon
 11982 | D:10     | Noticed a catoblepas
 11991 | D:10     | Reached XP level 11. HP: 58/60 MP: 20/25
 12276 | D:10     | Noticed an unseen horror
 12277 | D:10     | Killed an unseen horror
 12523 | D:10     | Killed a catoblepas
 12523 | D:10     | Reached skill level 5 in Earth Magic
 12788 | D:10     | Reached skill level 5 in Fighting
 13343 | D:11     | Noticed a white ugly thing
 13595 | D:10     | Reached skill level 1 in Shields
 13812 | D:11     | Found a staircase to the Lair.
 13937 | D:11     | Reached *** piety under Vehumet
 14372 | D:11     | Killed a white ugly thing
 14684 | D:10     | Learned a level 7 spell: Spellforged Servitor
 14740 | D:11     | Noticed a red ugly thing
 14941 | D:11     | Reached skill level 1 in Long Blades
 14947 | D:11     | Offered knowledge of Stone Arrow by Vehumet.
 15046 | D:11     | Killed a red ugly thing
 15046 | D:11     | Reached skill level 1 in Summonings
 15386 | D:11     | Noticed a red ugly thing
 15534 | D:11     | Found a runed door.
 15534 | D:11     | Noticed a tengu warrior
 15535 | D:11     | Found a runed door.
 15535 | D:11     | Noticed a wizard
 15537 | D:11     | Noticed a red ugly thing
 15550 | D:11     | Killed a red ugly thing
 15564 | D:11     | Found a runed door.
 15594 | D:11     | Noticed a two-headed ogre
 15609 | D:11     | Killed a two-headed ogre
 15609 | D:11     | Reached XP level 12. HP: 69/69 MP: 12/27
 15682 | D:11     | Noticed an ogre mage
 15687 | D:11     | Killed an ogre mage
 15687 | D:11     | Reached **** piety under Vehumet
 15702 | D:11     | Noticed a centaur warrior
 15704 | D:11     | HP: 1/70 [centaur warrior/arrow (4)]
 15704 | D:11     | Shot with an arrow by a centaur warrior

Skill      XL: |  1  2  3  4  5  6  7  8  9 10 11 12 |
---------------+-------------------------------------+-----
Fire Magic     | 4 5 6 8 10 11 14 | 14.9
Fighting       | 1 2 3 5 6 |  6.0
Stealth        | 3 4 |  4.0
Conjurations   | 2 3 4 5 6 |  6.0
Spellcasting   | 4 5 6 8 9 |  9.8
Dodging        | 4 5 |  5.0
Earth Magic    | 3 5 |  5.0
Shields        | 2 3 |  3.0
Long Blades    | 2 |  2.8
Summonings     | 2 3 |  3.1

Action                   |  1- 3 |  4- 6 |  7- 9 | 10-12 || total
-------------------------+-------+-------+-------+-------++-------
Melee: Spear             |    21 |    15 |   150 |    76 ||   262
       Falchion          |       |       |    72 |   191 ||   263
 Cast: Flame Tongue      |    56 |    90 |   205 |   199 ||   550
       Sticky Flame      |       |     6 |     9 |    50 ||    65
       Conjure Flame     |       |     2 |     9 |    14 ||    25
       Throw Flame       |       |     1 |     3 |       ||     4
       Fireball          |       |       |     2 |    25 ||    27
       Bolt of Magma     |       |       |       |    14 ||    14
Evoke: Wand              |       |       |     1 |    11 ||    12
  Use: Scroll            |       |    14 |     1 |    10 ||    25
       Potion            |       |       |     1 |     1 ||     2
 Stab: Sleeping          |     4 |     2 |     4 |     3 ||    13
       Distracted        |       |       |     1 |       ||     1
  Eat: Chunk             |     1 |     7 |    15 |    19 ||    42
       Ration            |       |       |     1 |     5 ||     6
Armor: Robe              |     4 |    17 |    67 |     5 ||    93
       Leather armour    |       |       |       |    29 ||    29
       Steam dragon scal |       |       |       |   131 ||   131
Dodge: Dodged            |    17 |    33 |   217 |   296 ||   563
       Rpst.: Falchion   |       |       |    28 |    70 ||    98
